 Dungeon Crawl Stone Soup version 0.25-a0-1113-g0499d652a8 (webtiles) character file.

Game seed: 14127336840948777336, levelgen mode: deterministic

802 vurker the Chopper (level 7, 0/61 HPs)
             Began as a Hill Orc Fighter on May 16, 2020.
             Was a Believer of Yredelemnul.
             Slain by a hornet zombie (9 damage)
             ... on level 5 of the Dungeon.
             The game lasted 00:05:56 (4006 turns).

vurker the Chopper (Hill Orc Fighter)               Turns: 4006, Time: 00:05:57

Health: 0/61       AC: 10    Str: 21    XL:     7   Next: 91%
Magic:  9/9        EV:  5    Int:  8    God:    Yredelemnul [**....]
Gold:   181        SH: 10    Dex: 10    Spells: 6/6 levels left

rFire    . . .     SeeInvis +   a - +0 war axe
rCold    + . .     Gourm    .   c - +0 kite shield
rNeg     . . .     Faith    .   t - +0 plate armour
rPois    .         Spirit   .   s - +0 helmet (curse)
rElec    .         Reflect  .   (no cloak)
rCorr    .         Harm     .   (no gloves)
MR       .....                  x - +0 pair of boots
Stlth    ..........             q - amulet of regeneration
HPRegen  0.60/turn              D - ring of protection from cold
MPRegen  0.11/turn              w - ring of see invisible

@: corroded
A: no striking features
a: Animate Remains, Recall Undead Slaves, Injury Mirror, Renounce Religion


You were on level 5 of the Dungeon.
You worshipped Yredelemnul.
Yredelemnul was pleased with you.
You were not hungry.

You visited 1 branch of the dungeon, and saw 5 of its levels.

You collected 181 gold pieces.

Inventory:

Hand Weapons
 a - a +0 war axe (weapon)
Armour
 c - a +0 kite shield (worn)
 s - a cursed +0 helmet (worn)
   (You found it on level 4 of the Dungeon)
 t - a +0 plate armour (worn)
   (You found it on level 3 of the Dungeon)
 x - a +0 pair of boots (worn)
   (You found it on level 4 of the Dungeon)
Jewellery
 q - an amulet of regeneration (around neck)
   (You found it on level 2 of the Dungeon)
 w - a ring of see invisible (right hand)
   (You found it on level 3 of the Dungeon)
 D - a ring of protection from cold (left hand)
   (You found it on level 5 of the Dungeon)
Scrolls
 b - a scroll of random uselessness {unknown}
 f - 2 scrolls of identify {unknown}
 g - 2 scrolls of immolation {unknown}
 i - 3 scrolls of enchant weapon {unknown}
 k - a scroll of teleportation {unknown}
 m - a scroll of amnesia {unknown}
 p - a scroll of remove curse {unknown}
 y - a scroll of enchant armour {unknown}
 C - a scroll of summoning {unknown}
Potions
 d - 3 potions of might
 h - a potion of flight {unknown}
 j - a potion of cancellation {unknown}
 l - 2 potions of lignification {unknown}
 n - a potion of degeneration {unknown}
 o - a potion of berserk rage {unknown}
 r - a potion of heal wounds {unknown}
 u - a potion of mutation {unknown}
 z - a potion of brilliance {unknown}
 A - a potion of haste {unknown}
Comestibles
 e - 11 rations
 B - 2 chunks of flesh


   Skills:
 + Level 5.3 Fighting
 * Level 6.6 Axes
 + Level 4.8 Armour
 + Level 2.4 Dodging
 + Level 4.9 Shields
 + Level 3.3 Invocations


You had 6 spell levels left.
You didn't know any spells.
Your spell library contained the following spells:

 Spells                   Type           Power        Failure   Level  Hunger
 Animate Skeleton         Necr           N/A          100%        1    ##.....
 Apportation              Tloc           #.....       100%        1    ##.....
 Corona                   Hex            #......      100%        1    ##.....
 Summon Small Mammal      Summ           #...         100%        1    ##.....


Dungeon Overview and Level Annotations

Branches:
Dungeon (5/15)             Temple (0/1) D:5

Altars:
Ashenzari
Nemelex Xobeh
Wu Jian
Yredelemnul

Annotations:
D:5 Prince Ribbit


Message History

You closely miss the jackal. You hit the jackal but do no damage.
You hit the hornet zombie but do no damage.
The jackal bites you but does no damage.
You block the hornet zombie's attack. The jackal barely misses you.
The jackal completely misses you.
You hit the jackal.
You kill the jackal!
Yredelemnul accepts your kill.
You completely miss the jackal. You hit the hornet zombie.
The hornet zombie hits you. You block the jackal's attack.
The hornet zombie hits you! You block the jackal's attack.
Your shield prevents you from hitting the hornet zombie.
You hit the jackal.
You kill the jackal!
Yredelemnul accepts your kill. You block the hornet zombie's attack.
The hornet zombie hits you!
You barely miss the hornet zombie.
Prince Ribbit catches a moth with his tongue.
The hornet zombie barely misses you.
Your shield and plate armour prevent you from hitting the hornet zombie.
You slash the jelly!
Your hands burn!
The hornet zombie hits you but does no damage.
The jelly hits you but does no damage.
The hornet zombie hits you but does no damage.
You closely miss the hornet zombie. You slash the jelly! The acid corrodes you!
Your hands burn!
The jelly hits you but does no damage. The jelly hits you.
You are splashed with acid!
* * * LOW HITPOINT WARNING * * *
You miss Prince Ribbit. You hit the jelly.
Your hands burn!
* * * LOW HITPOINT WARNING * * *
You hit the hornet zombie.
Prince Ribbit blinks!
You block the hornet zombie's attack. The jelly hits you.
* * * LOW HITPOINT WARNING * * *
You are splashed with acid!
* * * LOW HITPOINT WARNING * * *
You block the jelly's attack.
You miss Prince Ribbit.
Prince Ribbit blinks!
Prince Ribbit barely misses you.
You hit the jelly.
You kill the jelly!
Yredelemnul accepts your kill.
You hit Prince Ribbit but do no damage. Prince Ribbit hits you!
* * * LOW HITPOINT WARNING * * *
You block the hornet zombie's attack.
Prince Ribbit blinks!
You hit the hornet zombie but do no damage.
The hornet zombie hits you.
* * * LOW HITPOINT WARNING * * *
You closely miss the hornet zombie. The hornet zombie hits you!
You die...
Your body rises from the dead as a mindless zombie.

####.##≈≈≈≈≈≈##..##
.....≈≈#≈≈≈#≈≈#....
#.##.#≈≈≈≈≈≈≈≈#=.## #
#.##.##≈#≈≈#≈≈#...#
#.###.##..#≈≈≈≈≈ #....#
#.#.....##..#≈#≈≈###....#
...F...>......##≈#......#
#.......................#
########@#...##.........#
.$.#####Z#.#.###........#
#.......#...# ##.......#
#....†..##### #.......#
#.......+ ........#
#.......# ##.......#
#.......# ##.######
#.......# # #..?..[.# #


You could see Prince Ribbit and a hornet zombie.

Vanquished Creatures
  Menkaure (D:4)
  2 ogres
  2 big kobolds (D:4)
  A scorpion (D:5)
  A jelly (D:5)
  2 crimson imps (D:5)
  A worker ant (D:4)
  A hound skeleton (D:4)
  8 adders
  An adder skeleton (D:4)
  5 worms
  5 leopard geckos
  3 orcs
  A ball python (D:1)
  6 bats
  6 giant cockroaches
  9 goblins
  8 hobgoblins
  10 jackals
  2 quokkas
  4 frilled lizards
  A jackal skeleton (D:4)
  16 kobolds
  8 rats
104 creatures vanquished.

Notes
Turn   | Place    | Note
-------+----------+-------------------------------------------
     0 | D:1      | vurker the Hill Orc Fighter began the quest for the Orb.
     0 | D:1      | Reached XP level 1. HP: 19/19 MP: 1/1
   255 | D:1      | Reached skill level 3 in Axes
   270 | D:1      | Reached XP level 2. HP: 26/27 MP: 2/2
   619 | D:1      | Reached XP level 3. HP: 33/33 MP: 3/3
  1426 | D:2      | Reached skill level 1 in Dodging
  1426 | D:2      | Reached XP level 4. HP: 40/40 MP: 4/4
  1536 | D:2      | Found a faded altar of an unknown god.
  1550 | D:2      | Became a worshipper of Yredelemnul the Dark
  1550 | D:2      | Reached * piety under Yredelemnul
  1808 | D:3      | Found an ornate altar of the Wu Jian Council.
  1815 | D:3      | Reached skill level 4 in Axes
  1998 | D:3      | Noticed an ogre
  2008 | D:3      | Killed an ogre
  2008 | D:3      | Reached skill level 1 in Invocations
  2008 | D:3      | Reached XP level 5. HP: 36/47 MP: 4/6
  2067 | D:3      | Found a sparkling altar of Nemelex Xobeh.
  2634 | D:4      | Noticed Menkaure
  2642 | D:4      | Killed Menkaure
  2642 | D:4      | Reached skill level 5 in Axes
  2642 | D:4      | Reached XP level 6. HP: 12/53 MP: 7/7
  2949 | D:4      | Reached XP level 7. HP: 60/60 MP: 8/8
  3014 | D:4      | Reached ** piety under Yredelemnul
  3155 | D:4      | Reached skill level 5 in Fighting
  3155 | D:4      | Reached skill level 6 in Axes
  3170 | D:4      | Found a shattered altar of Ashenzari.
  3766 | D:5      | Entered Level 5 of the Dungeon
  3798 | D:5      | Noticed Prince Ribbit
  3907 | D:5      | Found a staircase to the Ecumenical Temple.
  4006 | D:5      | Slain by a hornet zombie

Illustrated notes

Levels and vault maps discovered:
D:1:      psy_arrival_basics, layout_basic
D:2:      layout_loops_corners, chequers_ecumenical_altar_simple,
          minmay_distorted
D:3:      layout_basic, overflow_temple_1_default, first_ration,
          nemelex_diamond_rough_becter
D:4:      cheibrodos_thug_alley, layout_basic, overflow_temple_1_default,
          uniq_menkaure
D:5:      layout_basic, grunt_temple_overflow_growth_and_decay,
          minmay_temple_entry_drinking_statues, minivault_4, st_stairs_9,
          nrook_mini_vaults, uniq_prince_ribbit1

Skill      XL: |  1  2  3  4  5  6  7 |
---------------+----------------------+-----
Axes           | 3 4 5 6 |  6.6
Fighting       | 4 5 |  5.3
Dodging        | 1 2 |  2.4
Armour         | 4 |  4.8
Shields        | 4 |  4.9
Invocations    | 1 2 3 |  3.3

Action                   |  1- 3 |  4- 6 |  7- 9 || total
-------------------------+-------+-------+-------++-------
Melee: War axe           |   142 |   125 |   126 ||   393
  Eat: Chunk             |     2 |     5 |     2 ||     9
       Ration            |       |       |     1 ||     1
Armor: Scale mail        |    69 |    12 |       ||    81
       Plate armour      |       |    30 |    72 ||   102
Dodge: Dodged            |    45 |    19 |    22 ||    86
Block: Kite shield       |    65 |    63 |    71 ||   199

Table legend:
 A = Non-vault XP
 B = Vault XP
 C = Vault XP percentage of total XP
 D = Non-vault monster count
 E = Vault monster count
 F = Vault count percentage of total count
                 A         B        C        D         E       F
            +---------+---------+-------+---------+---------+-------
      Total |     751 |     396 |  34.5 |      89 |      15 |  14.4
            +---------+---------+-------+---------+---------+-------
        D:1 |      40 |       0 |   0.0 |      25 |       0 |   0.0
        D:2 |      47 |      16 |  25.4 |      15 |       2 |  11.8
        D:3 |     202 |       0 |   0.0 |      22 |       0 |   0.0
        D:4 |     231 |     380 |  62.2 |      15 |      13 |  46.4
        D:5 |     231 |       0 |   0.0 |      12 |       0 |   0.0
            +---------+---------+-------+---------+---------+-------
